 Dungeon Crawl Stone Soup version 0.30-a0-840-ga523dec638 (webtiles) character file.

Game seed: 2382130981538550915

24308 jimonade the Markself (level 12, -5/77 HPs)
             Began as a Deep Elf Hunter on Mar 1, 2023.
             Was an Elder of Vehumet.
             Killed from afar by a catoblepas (12 damage)
             ... with a blast of calcifying dust
             ... on level 1 of the Lair of Beasts.
             The game lasted 00:49:13 (17172 turns).

jimonade the Markself (Deep Elf Hunter)            Turns: 17172, Time: 00:49:13

Health: -5/77      AC: 12    Str: 10    XL:     12   Next: 79%
Magic:  17/17      EV: 39    Int: 20    God:    Vehumet [****..]
Gold:   728        SH:  0    Dex: 21    Spells: 9/15 levels left

rFire   . . .      SeeInvis .    a - +2 shortbow (elec)
rCold   x . .      Faith    .    (shield currently unavailable)
rNeg    . . .      Spirit   .    O - +3 ring mail
rPois   +          Reflect  .    y - +1 helmet
rElec   .          Harm     .    (no cloak)
rCorr   .          Rampage  .    m - +0 pair of gloves
Will    ++...                    (no boots)
Stlth   +++                      t - amulet of the acrobat
HPRegen 0.32/turn                w - ring of Quhy {EV+5 Dex+3}
MPRegen 0.15/turn                e - ring of Typn {rPois rC- Will+ EV+5 Int+2}

@: acrobatic, studying Fighting
A: no striking features
a: Renounce Religion


You were on level 1 of the Lair of Beasts.
You worshipped Vehumet.
Vehumet was greatly pleased with you.
You visited 3 branches of the dungeon, and saw 14 of its levels.
You also visited: Bailey.

You collected 842 gold pieces.
You spent 114 gold pieces at shops.

Inventory:

Hand Weapons
 a - a +2 shortbow of electrocution (weapon)
 b - a +0 heavy arbalest
 n - a +1 shortbow of draining
 M - a +0 arbalest
 T - a +0 antimagic shortbow
Missiles
 f - 40 poisoned darts
Armour
 c - a +0 leather armour
 m - a +0 pair of gloves (worn)
 y - a +1 helmet (worn)
 z - a +0 troll leather armour
 J - a +2 robe of willpower
 O - a +3 ring mail (worn)
 Q - a scarf of shadows
 S - +0 fire dragon scales
Jewellery
 e - the ring of Typn (right hand) {rPois rC- Will+ EV+5 Int+2}
   (You acquired it on level 7 of the Dungeon)

   [ring of evasion]

   EV:        It affects your evasion (+5).
   Int:       It affects your intelligence (+2).
   rC:        It makes you vulnerable to cold.
   rPois:     It protects you from poison.
   Will:      It increases your willpower.
 j - an amulet of faith
 q - a ring of flight
 t - an amulet of the acrobat (around neck)
 w - the ring of Quhy (left hand) {EV+5 Dex+3}
   (You found it on level 3 of the Dungeon)

   [ring of evasion]

   EV:        It affects your evasion (+5).
   Dex:       It affects your dexterity (+3).
 B - a ring of see invisible
 R - a ring of resist corrosion
Wands
 d - a wand of polymorph (3)
 C - a wand of digging (8)
 I - a wand of flame (54)
Scrolls
 g - 6 scrolls of enchant weapon
 l - a scroll of amnesia
 o - 10 scrolls of teleportation
 E - 2 scrolls of fear
 H - a scroll of poison
 P - a scroll of enchant armour {unknown}
Potions
 h - 4 potions of heal wounds
 i - 4 potions of brilliance
 k - 3 potions of lignification
 r - 2 potions of mutation
 s - a potion of magic
 u - 3 potions of might
 v - 8 potions of curing
 x - 2 potions of cancellation
 A - 2 potions of flight
 D - 5 potions of ambrosia
 F - a potion of experience {unknown}
 K - a potion of attraction
 L - a potion of invisibility


   Skills:
 + Level 9.9 Fighting
 + Level 16.8 Ranged Weapons
 + Level 3.6 Armour
 + Level 6.8 Dodging
 + Level 5.0 Stealth
 + Level 2.0 Spellcasting
 * Level 9.5 Hexes
 * Level 7.6 Translocations
 * Level 4.4 Air Magic
 * Level 5.1 Poison Magic


You had 9 spell levels left.
You knew the following spells:

 Your Spells              Type           Power      Damage    Failure   Level
a - Portal Projectile     Hex/Tloc       72%        N/A       3%          3
b - Dazzling Flash        Conj/Hex       42%        N/A       4%          3

Your spell library contained the following spells:

 Spells                   Type           Power      Damage    Failure   Level
 Yara's Violent Unravell  Hex/Tmut       10%        3d6       36%         5
 Sandblast                Erth           4%         2d4       11%         1
 Summon Guardian Golem    Hex/Summ       21%        N/A       16%         3
 Airstrike                Air            10%        2d(2-18)  16%         4
 Hailstorm                Conj/Ice       2%         3d3       28%         3
 Stone Arrow              Conj/Erth      4%         3d7       28%         3
 Necrotise                Necr           8%         1d4       36%         1
 Summon Small Mammal      Summ           8%         N/A       36%         1
 Leda's Liquefaction      Hex/Erth       10%        N/A       47%         4
 Passwall                 Tmut/Erth      1%         N/A       50%         2
 Silence                  Hex/Air        15%        N/A       52%         5
 Lightning Bolt           Conj/Air       5%         1d17      67%         5
 Call Canine Familiar     Summ           2%         N/A       75%         3
 Vampiric Draining        Necr           2%         2d6       75%         3
 Summon Lightning Spire   Summ/Air       11%        N/A       83%         4
 Metabolic Englaciation   Hex/Ice        10%        N/A       83%         5
 Ice Form                 Ice/Tmut       2%         N/A       98%         4
 Petrify                  Tmut/Erth      2%         N/A       98%         4
 Agony                    Necr           2%         N/A       100%        5
 Simulacrum               Ice/Necr       1%         N/A       100%        6
 Statue Form              Tmut/Erth      1%         N/A       100%        6
 Orb of Destruction       Conj           1%         9d5       100%        7
 Spellforged Servitor     Conj/Summ      1%         N/A       100%        7
 Borgnjor's Revivificati  Necr           1%         N/A       100%        8
 Necromutation            Tmut/Necr      1%         N/A       100%        8
 Death's Door             Necr           1%         N/A       100%        9


Dungeon Overview and Level Annotations

Branches:
Dungeon (12/15)            Temple (1/1) D:6            Lair (1/5) D:11
    Orc (0/2) D:11         Bailey (visited)

Altars:
Ashenzari
Cheibriados
Dithmenos
Elyvilon
Fedhas
Gozag
Hepliaklqana
Kikubaaqudgha
Makhleb
Nemelex Xobeh
Okawaru
Qazlal
Ru
Sif Muna
Trog
Uskayaw
Vehumet
Wu Jian
Xom
Yredelemnul
Zin
The Shining One
Jiyva

Shops:
D:4 ?

Annotations:
D:1 1 transporter
D:12 3 runed translucent doors, SirDiesAlot's ghost, journeyman DsVM


Message History

Fire: a) +2 shortbow (elec)
Press: ? - help, Q - select action, (/) - cycle Shift-Dir - straight line, f/p - catoblepas
Aim: a catoblepas (almost dead, 92% to hit)
You shoot an arrow.
The arrow completely misses the catoblepas.
The catoblepas roars fiercely, eyes lowered.
The catoblepas breathes a plume of calcifying dust at you.
The blast of calcifying dust hits you.
* * * LOW HITPOINT WARNING * * *
The catoblepas breathes a plume of calcifying dust at you.
The blast of calcifying dust hits you.
* * * LOW HITPOINT WARNING * * *
Fire: a) +2 shortbow (elec)
Press: ? - help, Q - select action, (/) - cycle Shift-Dir - straight line, p - catoblepas
Okay, then.
The catoblepas closely misses you.
Fire: a) +2 shortbow (elec)
Press: ? - help, Q - select action, (/) - cycle Shift-Dir - straight line, f/p - catoblepas
Aim: a catoblepas (almost dead, 92% to hit)
You shoot an arrow.
The arrow hits the catoblepas but does no damage.
The catoblepas is almost dead.
The catoblepas gores you but does no damage.
Fire: a) +2 shortbow (elec)
Press: ? - help, Q - select action, (/) - cycle Shift-Dir - straight line, f/p - catoblepas
Aim: a catoblepas (almost dead, 92% to hit)
You shoot an arrow. The arrow hits the catoblepas!
The catoblepas is almost dead.
The catoblepas breathes a plume of calcifying dust at you.
The blast of calcifying dust hits you.
* * * LOW HITPOINT WARNING * * *
The catoblepas breathes a plume of calcifying dust at you.
The blast of calcifying dust hits you!
* * * LOW HITPOINT WARNING * * *
The catoblepas attacks as you move away!
The catoblepas gores you.
* * * LOW HITPOINT WARNING * * *
The catoblepas breathes a plume of calcifying dust at you.
The blast of calcifying dust hits you!
You die...

#.............. ..# ..
....####.....## #.. .# .
#..## #....P# #.# .)#.. ...#
#....## #§# ..... #..##
###.....# #§### ...#..
#...###.P....P###§#.##......
#......[..§.§§.§§Y§§§§§§§###
................§§..†.......
................@§..........
####.##########.##.########.
### ######


You could see a catoblepas.

Vanquished Creatures
  Harold (D:9)
  Erolcha (D:9)
  3 boulder beetles
  Nergalle (D:11)
  An orc knight (Bailey)
  An oklob plant (D:11)
  A deep elf pyromancer (D:9)
  2 ugly things (D:12)
  2 manticores (D:12)
  A cyclops (D:12)
  2 black mambas
  3 elephants
  Joseph (D:8)
  A cane toad (D:11)
  2 gargoyles
  2 efreet
  A rime drake (Lair:1)
  2 unseen horrors
  Psyche (D:9)
  4 kobold demonologists
  5 yaktaurs
  Prince Ribbit (D:8)
  4 trolls
  10 yaks
  2 wraiths (D:10)
  4 wyverns
  2 steam dragons
  Edmund (D:3)
  Duvessa (D:7)
  5 water moccasins
  16 orc warriors
  A black bear (D:5)
  3 ice beasts
  An ogre (D:5)
  7 wolves
  10 centaurs
  3 phantoms
  8 bullfrogs
  3 kobold brigands
  A scorpion (D:5)
  19 wights
  Dowan (D:7)
  5 killer bees (D:9)
  2 howler monkeys
  A crimson imp (D:4)
  2 hounds (D:6)
  A gnoll bouda (D:5)
  3 orc priests
  5 iguanas
  Ijyb (D:4)
  Natasha (thrice) (D:4)
  16 orc wizards
  Robin (D:3)
  8 gnolls
  6 adders
  2 shadow imps
  2 white imps (D:7)
  An ufetubus (D:5)
  4 dart slugs
  48 orcs
  8 endoplasms
  2 giant cockroaches
  26 goblins
  10 hobgoblins
  10 jackals
  14 kobolds
  2 quokkas
  6 ball pythons
  4 bats
  2 frilled lizards
  4 rats
  A bush (D:6)
341 creatures vanquished.

Vanquished Creatures (others)
  4 fungi (Lair:1)
  16 plants
20 creatures vanquished.

Grand Total: 361 creatures vanquished

Notes
Turn   | Place    | Note
-------+----------+-------------------------------------------
     0 | D:1      | jimonade the Deep Elf Hunter began the quest for the Orb.
     0 | D:1      | Reached XP level 1. HP: 12/12 MP: 3/3
   178 | D:1      | Reached XP level 2. HP: 17/17 MP: 4/4
   232 | D:1      | Reached skill level 6 in Ranged Weapons
   627 | D:2      | Reached XP level 3. HP: 19/21 MP: 5/5
   904 | D:2      | Reached skill level 7 in Ranged Weapons
  1016 | D:2      | Reached XP level 4. HP: 26/26 MP: 6/6
  1320 | D:3      | Noticed Robin
  1528 | D:3      | Found a faded altar of an unknown god.
  1720 | D:3      | Identified the ring of Quhy {EV+5 Dex+3}
  1828 | D:3      | Identified the +1 robe of Cheibriados's Esteem {-Cast rPois
                  | Str+5}
  1835 | D:3      | Killed Robin
  2199 | D:3      | Found a blossoming altar of Fedhas.
  2199 | D:3      | Found a sacrificial altar of Ru.
  2306 | D:4      | Reached XP level 5. HP: 30/30 MP: 7/7
  2410 | D:4      | Reached skill level 8 in Ranged Weapons
  2439 | D:4      | Noticed a phantom
  2449 | D:4      | Killed a phantom
  2535 | D:4      | Noticed Natasha
  2538 | D:4      | Killed Natasha
  3035 | D:4      | Noticed Ijyb
  3044 | D:4      | Killed Ijyb
  3045 | D:4      | Reached skill level 9 in Ranged Weapons
  3045 | D:4      | Reached XP level 6. HP: 35/35 MP: 8/8
  3063 | D:4      | Found Libogg's Magic Scroll Emporium.
  3068 | D:4      | Noticed Edmund
  3104 | D:3      | Killed Edmund
  3277 | D:4      | Bought a scroll of brand weapon for 114 gold pieces
  3330 | D:4      | Noticed Natasha
  3337 | D:4      | Killed Natasha
  3339 | D:4      | Reached skill level 10 in Ranged Weapons
  3470 | D:4      | Noticed Natasha
  3473 | D:4      | Killed Natasha
  3493 | D:4      | Found a burning altar of Makhleb.
  3496 | D:4      | Found a shimmering altar of Xom.
  3683 | D:5      | Entered Level 5 of the Dungeon
  3723 | D:5      | Reached XP level 7. HP: 40/40 MP: 9/9
  3770 | D:5      | Reached skill level 11 in Ranged Weapons
  3979 | D:5      | Found a broken altar of Ashenzari.
  4016 | D:5      | Reached skill level 12 in Ranged Weapons
  4103 | D:5      | Reached XP level 8. HP: 45/45 MP: 10/10
  4159 | D:5      | Found a shimmering blue altar of Sif Muna.
  4660 | D:6      | Reached skill level 13 in Ranged Weapons
  4945 | D:6      | Found a staircase to the Ecumenical Temple.
  5103 | Temple   | Entered the Ecumenical Temple
  5231 | Temple   | Became a worshipper of Vehumet
  5435 | D:6      | Reached skill level 14 in Ranged Weapons
  5911 | D:6      | Reached XP level 9. HP: 51/51 MP: 11/11
  6369 | D:7      | Noticed Duvessa
  6372 | D:7      | Noticed Dowan
  6382 | D:7      | Killed Duvessa
  6389 | D:7      | Killed Dowan
  6623 | D:7      | Reached skill level 15 in Ranged Weapons
  6630 | D:7      | Reached * piety under Vehumet
  6630 | D:7      | Offered knowledge of Kiss of Death by Vehumet.
  6986 | D:7      | Reached skill level 1 in Hexes
  7214 | D:7      | Reached skill level 1 in Translocations
  7307 | D:7      | Identified a scroll of acquirement
  7307 | D:7      | Acquired the ring of Typn {rPois rC- Will+ EV+5 Int+2}
  7445 | D:8      | Reached skill level 16 in Ranged Weapons
  7549 | D:8      | Noticed Prince Ribbit
  7556 | D:8      | Killed Prince Ribbit
  7626 | D:8      | Noticed Joseph
  7659 | D:8      | Killed Joseph
  7788 | D:8      | Reached XP level 10. HP: 58/58 MP: 12/12
  7978 | D:8      | Reached skill level 5 in Fighting
  8107 | D:9      | Noticed a rust devil
  8176 | D:9      | Reached ** piety under Vehumet
  8197 | D:9      | Offered knowledge of Poisonous Vapours by Vehumet.
  8204 | D:9      | Noticed a smoke demon
  8210 | D:9      | Noticed a soul eater
  8367 | D:8      | Reached skill level 5 in Hexes
  8564 | D:9      | Noticed Harold
  8849 | D:9      | Killed Harold
  8850 | D:9      | Reached skill level 5 in Dodging
  9164 | D:9      | Noticed Erolcha
  9170 | D:9      | Killed Erolcha
  9171 | D:9      | Reached skill level 5 in Translocations
  9339 | D:9      | Noticed a deep elf pyromancer
  9345 | D:9      | Killed a deep elf pyromancer
  9462 | D:9      | Noticed Psyche
  9498 | D:9      | Killed Psyche
  9499 | D:9      | Reached XP level 11. HP: 60/67 MP: 13/13
  9653 | D:9      | Learned a level 3 spell: Portal Projectile
  9686 | D:10     | Entered Level 10 of the Dungeon
  9902 | D:10     | Reached skill level 1 in Poison Magic
 10176 | D:10     | Found a flagged portal.
 10198 | Bailey   | Entered a bailey
 10252 | Bailey   | Offered knowledge of Static Discharge by Vehumet.
 10253 | Bailey   | Reached skill level 1 in Air Magic
 10403 | Bailey   | Reached *** piety under Vehumet
 10722 | Bailey   | Noticed an orc knight
 10818 | Bailey   | Killed an orc knight
 11574 | D:11     | Noticed a boulder beetle
 11584 | D:11     | Killed a boulder beetle
 12030 | D:11     | Found a staircase to the Orcish Mines.
 12076 | D:11     | Found a staircase to the Lair.
 12077 | D:11     | Noticed an oklob plant
 12599 | D:11     | Reached skill level 1 in Spellcasting
 13145 | D:11     | Killed an oklob plant
 13146 | D:11     | Reached skill level 1 in Armour
 13968 | D:12     | Noticed a boulder beetle
 13982 | D:12     | Killed a boulder beetle
 13982 | D:12     | Offered knowledge of Airstrike by Vehumet.
 13983 | D:12     | Reached XP level 12. HP: 75/75 MP: 16/16
 14011 | D:12     | Learned a level 3 spell: Dazzling Flash
 14484 | D:12     | Found a runed translucent gate.
 14485 | D:12     | Found a runed translucent gate.
 14486 | D:12     | Found a runed translucent gate.
 14486 | D:12     | Noticed an acid blob
 14487 | D:12     | Noticed an acid blob
 14487 | D:12     | Noticed an acid blob
 14488 | D:12     | Noticed an azure jelly
 14488 | D:12     | Noticed an azure jelly
 14488 | D:12     | Noticed an azure jelly
 14488 | D:12     | Noticed SirDiesAlot's ghost (journeyman DsVM)
 14488 | D:12     | Noticed a quicksilver ooze
 14489 | D:12     | Noticed an azure jelly
 14489 | D:12     | Noticed an azure jelly
 14780 | D:12     | Found a viscous altar of Jiyva.
 14908 | Lair:1   | Entered Level 1 of the Lair of Beasts
 14908 | Lair:1   | Noticed a boulder beetle
 14930 | Lair:1   | Killed a boulder beetle
 15062 | Lair:1   | Reached skill level 5 in Stealth
 15067 | Lair:1   | Noticed Nergalle
 15962 | D:11     | Killed Nergalle
 15962 | D:11     | Reached **** piety under Vehumet
 16405 | D:11     | Offered knowledge of Yara's Violent Unravelling by Vehumet.
 16416 | D:11     | Reached skill level 5 in Poison Magic
 17136 | Lair:1   | Noticed a catoblepas
 17172 | Lair:1   | Killed from afar by a catoblepas

Illustrated notes

Levels and vault maps discovered:
D:1:      spicycebolla_arrival_risky_transporter, layout_rooms
D:2:      layout_loops_cross, grunt_decor_one_mirror
D:3:      layout_basic, gammafunk_temple_overflow_elements,
          hellmonk_ecumenical_altar_inner_sanctum, uniq_robin
D:4:      layout_basic, grunt_temple_overflow_champion_of_chaos, serial_shops,
          shop_scrolls, nicolae_titane, uniq_edmund, uniq_ijyb, uniq_natasha
D:5:      layout_rooms, ashenzari_conservatory_becter, led_sif_book
D:6:      layout_layer_cave, minmay_temple_entry_overgrown,
          chequers_hall_statues_wall_a, kb_lookout_dungeons_type,
          chequers_garden, chequers_serial_rivers_large_b
D:7:      layout_basic, uniq_duvessa
D:8:      layout_loops_ring, uniq_joseph, uniq_prince_ribbit1
D:9:      layout_basic, uniq_harold, uniq_psyche, uniq_erolcha
D:10:     layout_small_grid, enter_bailey_5
D:11:     layout_layer_cave, dpeg_oklobed_lair, orc_0_dummy
D:12:     hellmonk_ruined_rings, layout_long_grid, gammafunk_ghost_ooze
Temple:   nicolae_temple_superstar
Lair:1:   layout_chaotic_city, st_stairs_13, uniq_nergalle

Skill      XL: |  1  2  3  4  5  6  7  8  9 10 11 12 |
---------------+-------------------------------------+-----
Ranged Weapons | 6 7 9 10 12 14 16 | 16.8
Fighting       | 2 3 4 7 8 9 |  9.9
Stealth        | 2 3 4 5 |  5.0
Dodging        | 3 4 5 6 |  6.8
Hexes          | 3 6 8 9 |  9.5
Translocations | 3 5 6 7 |  7.6
Poison Magic   | 3 5 |  5.1
Air Magic      | 3 4 |  4.4
Spellcasting   | 1 2 |  2.0
Armour         | 2 3 |  3.6

Action                     |  1- 3 |  4- 6 |  7- 9 | 10-12 || total
---------------------------+-------+-------+-------+-------++-------
   Fire: Shortbow          |    96 |   196 |   461 |   831 ||  1584
         Arbalest          |       |       |       |    24 ||    24
   Cast: Portal Projectile |       |       |       |    11 ||    11
    Use: Scroll            |       |     1 |    13 |    14 ||    28
         Potion            |       |       |       |     2 ||     2
 Armour: Leather armour    |     3 |       |       |       ||     3
         Ring mail         |     6 |    14 |       |    67 ||    87
         Robe              |       |     7 |    22 |    14 ||    43
  Dodge: Dodged            |    29 |    67 |   129 |   625 ||   850

Table legend: (Time is in decaauts)
 A = Elapsed time spent in this place.
 B = Non-inter-level travel time spent in this place.
 C = Inter-level travel time spent in this place.
 D = Time resting spent in this place.
 E = Time spent auto-exploring this place.
 F = Levels seen in this place.
 G = Mean time per level.
                   A        B        C        D        E       F      G
               +--------+--------+--------+--------+--------+-----+--------+
         Total |  17020 |  16133 |    887 |   4018 |   8048 |  15 | 1134.7 |
       Dungeon |  15767 |  14909 |    858 |   3855 |   7640 |  12 | 1313.9 |
        Temple |    138 |    110 |     28 |      0 |     73 |   1 |  138.0 |
          Lair |    416 |    416 |      0 |     99 |    197 |   1 |  416.0 |
        Bailey |    697 |    697 |      0 |     64 |    138 |   1 |  697.0 |
               +--------+--------+--------+--------+--------+-----+--------+

Top non-repeatable levels by time:
    D:11: 3820 daAuts
     D:4: 1472 daAuts
     D:6: 1436 daAuts
     D:9: 1427 daAuts
    D:12: 1371 daAuts
     D:8: 1011 daAuts
     D:7: 989 daAuts
     D:3: 977 daAuts
    D:10: 925 daAuts
     D:2: 871 daAuts
     D:5: 825 daAuts
  Bailey: 697 daAuts
     D:1: 638 daAuts
  Lair:1: 416 daAuts
  Temple: 138 daAuts
